 Dungeon Crawl Stone Soup version 0.30.0-29-ga12c61a403 (webtiles) character file.

Game seed: 17651409668343960566

1003 cheesebisquit the Chopper (level 8, -1/69 HPs)
             Began as a Ghoul Gladiator on June 6, 2023.
             Slain by an orc warrior
             ... wielding a +0 glaive
              (14 damage)
             ... on level 6 of the Dungeon.
             The game lasted 00:12:06 (5007 turns).

cheesebisquit the Chopper (Ghoul Gladiator)         Turns: 5007, Time: 00:12:06

Health: -1/69      AC: 10    Str: 18    XL:     8   Next: 20%
Magic:  7/7        EV:  9    Int:  5    God:
Gold:   315        SH:  0    Dex: 16    Spells: 7/7 levels left

rFire   + . .        a - +0 war axe
rCold   + . .        (no shield)
rNeg    + + +        q - +0 chain mail
rPois   ∞            c - +0 helmet
rElec   .            (no cloak)
rCorr   .            (no gloves)
SInv    .            (no boots)
Will    .....        f - amulet of magic regeneration Stlth
                     b - +6 ring of dexterity
HPRegen 0.00/turn    n - ring of protection from fire
MPRegen 0.50/turn

%: no passive effects
@: inhibited regen
A: claws 1, cold resistance 1, negative energy resistance 3, inhibited
regeneration, torment resistance 2, devour on kill
a: no special abilities


You were on level 6 of the Dungeon.
You visited 1 branch of the dungeon, and saw 6 of its levels.

You collected 315 gold pieces.

Inventory:

Hand Weapons
 a - a +0 war axe (weapon)
 l - a +0 dagger of freezing
Missiles
 e - a javelin
 j - 3 boomerangs
 o - 2 poisoned darts
 t - 2 curare-tipped darts (quivered)
Armour
 c - a +0 helmet (worn)
 q - a +0 chain mail (worn)
Jewellery
 b - a +6 ring of dexterity (left claw)
 f - an amulet of magic regeneration (around neck)
 n - a ring of protection from fire (right claw)
Wands
 d - a wand of quicksilver (7)
Scrolls
 g - 5 scrolls of teleportation
 h - 2 scrolls of fog
 p - a scroll of vulnerability {unknown}
 s - a scroll of amnesia
 w - 2 scrolls of blinking
 x - a scroll of poison {unknown}
 y - a scroll of summoning {unknown}
Potions
 i - 3 potions of brilliance
 k - 4 potions of ambrosia
 m - 3 potions of curing
 r - 2 potions of degeneration
 u - a potion of attraction {unknown}
 v - a potion of magic {unknown}
 z - a potion of might {unknown}
 A - a potion of lignification {unknown}


   Skills:
 + Level 5.4 Fighting
 * Level 6.6 Axes
 - Level 1.7 Throwing
 + Level 3.9 Armour
 - Level 2.6 Dodging


You had 7 spell levels left.
You didn't know any spells.
Your spell library was empty.

Dungeon Overview and Level Annotations

Branches:
Dungeon (6/15)
 Temple: D:4-7

Altars:
Xom

Shops:
D:1 [

Annotations:
D:2 1 runed translucent door, Crazy Yiuf


Innate Abilities, Weirdness & Mutations

You are immune to poison.
You have sharp fingernails.
Your flesh is cold resistant. (rC+)
You are immune to negative energy. (rN+++)
You do not regenerate when monsters are visible.
You are immune to unholy pain and torment.
You thrive by killing the living.


Message History

The orc warrior hits you from afar with a +0 glaive!
The orc wizard mumbles some strange words.
The orc wizard flickers and vanishes!
Deactivating autopickup; reactivate with Ctrl-A.
Something hits you but does no damage.
The orc warrior hits you from afar with a +0 glaive!
You miss something.
The orc warrior hits you from afar with a +0 glaive!
Something hits you but does no damage.
You barely miss something. The orc warrior barely misses you.
You hear some strange, mumbled words.
A puff of flame appears from out of thin air!
The puff of flame hits you but does no damage.
You slash something! The orc warrior closely misses you.
Something hits you but does no damage.
You barely miss something.
The orc warrior hits you but does no damage.
Something hits you.
You hit something but do no damage. The orc warrior barely misses you.
Something hits you but does no damage.
You closely miss something.
The orc warrior hits you from afar with a +0 glaive!
Something hits you.
* * * LOW HITPOINT WARNING * * *
The orc warrior barely misses you.
You hear some strange, mumbled words.
Something tries to affect you, but you resist.
You barely miss something.
The orc warrior hits you from afar with a +0 glaive!
* * * LOW HITPOINT WARNING * * *
Something hits you but does no damage.
You hit something.
You feel better.
Reactivating autopickup.
You feel a bit more experienced. The orc warrior closely misses you.
The orc warrior hits you with a +0 glaive!
* * * LOW HITPOINT WARNING * * *
Items here: )) [ †.
You feel better.
The orc warrior hits you with a +0 glaive!
You die...

#### . #.#
.....#######.########## #
....../..............# #
...........#.#......# .
........<.#........# ##
..........#.....##.# .###
......#.###.....##.#
.....###o..#..........#)#
........@# ######.....#.#
.#.#.#.#####...#.....#..
#...........#....####
#####.....###....#
#.#.#.# ...###
...#.#.#.####
##....#.(...#
#.######.#.# #. .#


You could see an orc warrior.

Vanquished Creatures
  A water moccasin (D:5)
  2 ice beasts (D:5)
  A bullfrog (D:6)
  2 scorpions
  A howler monkey (D:5)
  A hound (D:5)
  An orc priest (D:6)
  Terence (D:3)
  2 iguanas (D:5)
  Ijyb (D:3)
  2 orc wizards
  5 gnolls
  12 adders
  An ufetubus (D:5)
  A worm (D:3)
  5 dart slugs
  17 orcs
  8 endoplasms
  3 giant cockroaches
  9 goblins
  6 hobgoblins
  4 jackals (D:5)
  A quokka (D:3)
  5 ball pythons
  4 bats
  A frilled lizard (D:1)
  7 kobolds
  6 rats
110 creatures vanquished.

Notes
Turn   | Place    | Note
-------+----------+-------------------------------------------
     0 | D:1      | cheesebisquit the Ghoul Gladiator began the quest for the
                  | Orb.
     0 | D:1      | Reached XP level 1. HP: 17/17 MP: 0/0
    64 | D:1      | Reached skill level 3 in Axes
    64 | D:1      | Reached XP level 2. HP: 17/25 MP: 1/1
   185 | D:1      | Reached XP level 3. HP: 24/30 MP: 2/2
   257 | D:1      | Reached skill level 1 in Armour
   575 | D:1      | Found Toisapnat's Antique Armour Emporium.
  1184 | D:2      | Reached XP level 4. HP: 36/37 MP: 3/3
  1825 | D:2      | Found a runed translucent door.
  1826 | D:2      | Noticed Crazy Yiuf
  1992 | D:3      | Noticed Terence
  2143 | D:3      | Reached skill level 4 in Axes
  2152 | D:3      | Reached XP level 5. HP: 30/45 MP: 4/4
  2229 | D:3      | Killed Terence
  2466 | D:3      | Found a shimmering altar of Xom.
  2670 | D:3      | Noticed Ijyb
  2681 | D:3      | Killed Ijyb
  3135 | D:4      | Reached XP level 6. HP: 52/52 MP: 5/5
  3599 | D:4      | Reached skill level 5 in Axes
  3687 | D:5      | Entered Level 5 of the Dungeon
  3814 | D:5      | Noticed an ice beast
  3837 | D:5      | Killed an ice beast
  3838 | D:5      | Reached XP level 7. HP: 43/60 MP: 6/6
  4097 | D:5      | Reached skill level 5 in Fighting
  4097 | D:5      | Reached skill level 6 in Axes
  4301 | D:5      | You fall into a shaft and drop 1 floor!
  4441 | D:5      | Reached XP level 8. HP: 32/68 MP: 7/7
  5006 | D:6      | HP: 2/69 [orc warrior/+0 glaive (12)]
  5007 | D:6      | Slain by an orc warrior

Illustrated notes

Levels and vault maps discovered:
D:1:      kennysheep_arrival_seaside, layout_basic, serial_shops,
          nicolae_shop_window_shopping, serial_corexii_hall,
          chequers_hall_statues_corner_a, chequers_hall_statues_wall_a,
          minmay_misc_feat_plants
D:2:      layout_loops_corners, uniq_crazy_yiuf_cottage
D:3:      layout_rooms, mainiacjoe_overflow_paths, minmay_misc_feat_diagonals,
          uniq_ijyb, uniq_terence
D:4:      layout_rooms, nicolae_half_adder
D:5:      layout_basic, minmay_misc_feat_alley
D:6:      layout_basic, lemuel_crystal_altar, kennysheep_windowed_goal

Skill      XL: |  1  2  3  4  5  6  7 |
---------------+----------------------+-----
Axes           | 3 4 5 6 |  6.6
Armour         | 1 2 3 |  3.9
Fighting       | 3 4 5 |  5.4
Throwing       | |  1.7
Dodging        | |  2.6

Action                     |  1- 3 |  4- 6 |  7- 9 || total
---------------------------+-------+-------+-------++-------
  Melee: War axe           |    79 |   214 |   121 ||   414
         Punch             |       |     3 |     3 ||     6
  Throw: Throwing net      |     3 |     2 |       ||     5
    Use: Scroll            |       |     7 |     2 ||     9
         Potion            |       |       |     7 ||     7
 Armour: Leather armour    |    24 |       |       ||    24
         Scale mail        |       |    44 |       ||    44
         Chain mail        |       |    88 |    68 ||   156
  Dodge: Dodged            |    41 |   105 |    69 ||   215
